cohdb
Replays
Latest Replays
All Replays
Popular Replays
Top Player Replays
Match Explorer
How It Works
Community
CoH3 Stats
Reddit
Sign in to upload your games and track your stats! →
Sign in with Steam
Match 40103205
Unlisted
Match 40103205
Overview
Messages
Build Orders
End
Construct Infanterie Kompanie
Kettenkrad Recon Vehicle
Selects Terror Battlegroup
MG 42 Machine Gun Team
GrW 34 Mortar Team
Grenadier Squad
MG 42 Machine Gun Team
Construct Luftwaffe Kompanie
Jäger Squad
Flak 30 Anti-aircraft Gun Team
Jäger Squad
Construct Panzergrenadier Kompanie
Pioneer Squad
251 Medium Carrier
Selects Heavy Gunnery
Selects Contempt for the Weak
AI Takeover
cheems
rickysheuS03
EFADKZ
Valdai
Mefisto
Ignatius
jakubirl
你的磊爸爸
0
0
Comments
sign in to comment!
No comments posted yet!